 Dungeon Crawl Stone Soup version 0.24.0-13-gcf9b319 (webtiles) character file.

Game seed: 1211057174144353719, levelgen mode: deterministic

88 Fang the Skirmisher (level 4, -2/43 HPs)
             Began as a Gargoyle Berserker on Dec 11, 2019.
             Was a Believer of Trog.
             Slain by a water moccasin (3 damage)
             ... on level 2 of the Dungeon.
             The game lasted 00:01:02 (1516 turns).

Fang the Skirmisher (Gargoyle Berserker)            Turns: 1516, Time: 00:01:02

Health: -2/43      AC:  5    Str: 26    XL:     4   Next: 53%
Magic:  4/4        EV: 12    Int:  8    God:    Trog [**....]
Gold:   50         SH:  0    Dex:  9    Spells: 3/3 levels left

rFire    . . .     SeeInvis .   a - +0 hand axe
rCold    . . .     Gourm    .   (no shield)
rNeg     + . .     Faith    .   b - +0 animal skin
rPois    ∞         Spirit   .   (no helmet)
rElec    +         Reflect  .   (no cloak)
rCorr    .         Harm     .   (no gloves)
MR       .....                  (no boots)
Stlth    ..........             (no amulet)
HPRegen  0.14/turn              (no ring)
MPRegen  0.09/turn              (no ring)

@: berserking, very quick
A: negative energy resistance 1, electricity resistance, unbreathing,
petrification resistance, rot immunity, AC +3
a: Berserk, Trog's Hand, Renounce Religion


You were on level 2 of the Dungeon.
You worshipped Trog.
Trog was pleased with you.
You were hungry.

You visited 1 branch of the dungeon, and saw 2 of its levels.

You collected 50 gold pieces.

Inventory:

Hand Weapons
 a - a +0 hand axe (weapon)
Armour
 b - a +0 animal skin (worn)
Jewellery
 g - a +5 ring of dexterity {unknown}
Scrolls
 e - a scroll of noise {unknown}
 i - a scroll of identify {unknown}
 j - a scroll of immolation {unknown}
 k - 2 scrolls of teleportation {unknown}
 l - a scroll of enchant weapon {unknown}
Potions
 d - 2 potions of curing {unknown}
 h - a potion of cancellation {unknown}
Comestibles
 c - 4 rations
 f - 4 chunks of flesh


   Skills:
 + Level 4.0 Fighting
 + Level 3.3 Axes
 + Level 3.0 Armour
 + Level 2.3 Dodging


You had 3 spell levels left.
You didn't know any spells.
Your spell library was empty.

Dungeon Overview and Level Annotations

Branches:
Dungeon (2/15)

Altars:


Innate Abilities, Weirdness & Mutations

You are resistant to torment.
Your stone body is resilient. (AC +3)
You are immune to poison.
You resist negative energy. (rN+)
You are resistant to electric shocks. (rElec)
You can survive without breathing.
You are immune to petrification.
You are immune to rotting.


Message History

You feel the power of Trog in you as your rage grows.
You kill the adder!
Trog accepts your kill.
Your Armour skill increases to level 3!
The adder closely misses you.
The water moccasin bites you but does no damage.
You are too injured to fight recklessly!
You hit the water moccasin.
The water moccasin is heavily wounded.
You slash the adder!
You kill the adder!
Trog accepts your kill.
Your Fighting skill increases to level 4!
The water moccasin bites you.
* * * LOW HITPOINT WARNING * * *
You are too injured to fight recklessly!
You slash the water moccasin!
The water moccasin is almost dead.
The water moccasin bites you.
You die...

.. .?..... ..## .......
...#### .....#.
#.##..#.. ....... #.#
....##.#....
######.##.#.......# #
#.....!#..#...S...#...
#.#......#.##...@.....#
.........#.......#....#
.........#.......#
#...# #...........>..#
#.# #.$.....####.....#
. #....)..# #.#####
######..!. ..#
#..###### ...#


You could see a water moccasin.

Vanquished Creatures
  A gnoll (D:1)
  4 adders (D:2)
  An ooze (D:1)
  2 giant cockroaches (D:1)
  6 goblins (D:1)
  4 hobgoblins (D:1)
  3 jackals (D:1)
  8 kobolds (D:1)
  3 bats (D:1)
  A frilled lizard (D:2)
  3 rats (D:1)
36 creatures vanquished.

Notes
Turn   | Place    | Note
-------+----------+-------------------------------------------
     0 | D:1      | Fang the Gargoyle Berserker began the quest for the Orb.
     0 | D:1      | Reached XP level 1. HP: 14/14 MP: 1/1
   298 | D:1      | Reached XP level 2. HP: 19/19 MP: 2/2
   717 | D:1      | Reached XP level 3. HP: 10/23 MP: 3/3
   977 | D:1      | Reached ** piety under Trog
  1461 | D:2      | Reached XP level 4. HP: 18/29 MP: 4/4
  1505 | D:2      | Noticed a water moccasin
  1515 | D:2      | Reached skill level 4 in Fighting
  1515 | D:2      | HP: 1/43 [water moccasin (3)]
  1516 | D:2      | Slain by a water moccasin

Levels and vault maps discovered:
D:1:      dpeg_cavernosity, layout_basic
D:2:      minmay_angry_zag, layout_rooms, lemuel_coloured_pillars_altar,
          lemuel_doored_altar

Skill      XL: |  1  2  3  4 |
---------------+-------------+-----
Axes           | 3 |  3.3
Dodging        | 2 |  2.3
Armour         | 3 |  3.0
Fighting       | 4 |  4.0

Action                   |  1- 3 |  4- 6 || total
-------------------------+-------+-------++-------
Melee: Hand axe          |   116 |     9 ||   125
Invok: Berserk           |     1 |     1 ||     2
  Eat: Chunk             |     3 |       ||     3
Armor: Animal skin       |    60 |     4 ||    64
Dodge: Dodged            |    82 |     7 ||    89
